 Dungeon Crawl Stone Soup version 0.31.0-32-g396128a36d (webtiles) character file.

Game seed: 16662675722845934893

1761 nshep25 the Insei (level 8, 0/56 HPs)
             Began as a Demonspawn Shapeshifter on Mar 8, 2024.
             Slain by a killer bee (6 damage)
             ... on level 7 of the Dungeon.
             The game lasted 00:18:43 (5520 turns).

nshep25 the Insei (Demonspawn Shapeshifter)         Turns: 5520, Time: 00:18:43

Health: 0/56       AC:  4    Str: 14    XL:     8   Next: 79%
Magic:  8/8        EV: 14    Int: 11    God:
Gold:   313        SH:  0    Dex: 21    Spells: 7/7 levels left

rFire   . .          .
                       - Unarmed
rCold   . . .        (no shield)
rNeg    . . .        a - +0 animal skin
rPois   .            y - melded +2 hat
rElec   .            (cloak currently unavailable)
rCorr   .            (gloves currently unavailable)
SInv    .            (boots currently unavailable)
Will    +....        f - amulet of regeneration
Stlth   +++          r - ring of willpower
HPRegen 1.09/turn    w - +6 ring of dexterity
MPRegen 0.11/turn

%: no passive effects
@: beast-form
A: beast (slay +3), foul stench 1, sharp scales 2, weakness stinger 1
a: Begin Untransformation


You were on level 7 of the Dungeon.
You were a hulking beast.
You visited 2 branches of the dungeon, and saw 8 of its levels.

You collected 313 gold pieces.

Inventory:

Missiles
 e - 4 boomerangs (quivered)
 l - 20 poisoned darts
 s - a throwing net
Armour
 a - a +0 animal skin (worn)
 v - a +0 cloak
 y - a +2 hat (melded)
Jewellery
 f - an amulet of regeneration (around neck)
 r - a ring of willpower (left hand)
 w - a +6 ring of dexterity (right hand)
 z - a ring of resist corrosion
Talismans
 c - a beast talisman (active)
 d - a flux talisman
Wands
 g - a wand of mindburst (10)
 E - a wand of flame (3)
Scrolls
 h - 3 scrolls of fog
 i - 2 scrolls of identify
 m - 3 scrolls of enchant weapon {unknown}
 n - a scroll of butterflies
 p - 2 scrolls of amnesia
 q - a scroll of revelation
 A - a scroll of teleportation
Potions
 b - 2 potions of lignification
 j - 5 potions of mutation
 k - 4 potions of berserk rage
 o - 2 potions of curing
 t - 2 potions of attraction
 u - 2 potions of brilliance
 x - a potion of invisibility
 F - 2 potions of cancellation


   Skills:
 + Level 2.1 Fighting
 + Level 3.6 Dodging
 + Level 4.0 Stealth
 + Level 7.8 Unarmed Combat
 * Level 5.3 Shapeshifting


You had 7 spell levels left.
You didn't know any spells.
Your spell library contained the following spells:

 Spells                   Type           Power      Damage    Failure   Level
 Mercury Vapours          Alch/Air       0%         N/A       47%         2
 Mephitic Cloud           Conj/Alch/Air  0%         N/A       71%         3
 Freezing Cloud           Conj/Ice/Air   0%         6-21      100%        5


Dungeon Overview and Level Annotations

Branches:
Dungeon (7/15)             Temple (1/1) D:4

Altars:
Ashenzari
Fedhas
Gozag
Hepliaklqana
Kikubaaqudgha
Makhleb
Nemelex Xobeh
Okawaru
Qazlal
Ru
Trog
Uskayaw
Xom
Yredelemnul

Shops:
D:3 :


Innate Abilities, Weirdness & Mutations

You are a hulking beast.
Your limbs bulge with bestial killing power. (Slay +3)
You may rarely emit foul miasma when damaged in melee.
You are mostly covered in razor-sharp scales. (AC +2, Slay +2)
You have a small tail.


Message History

You barely miss the killer bee.
The killer bee is almost dead.
The killer bee misses you.
You closely miss the killer bee.
Your tail-slap misses the killer bee.
The killer bee is almost dead.
The killer bee stings you!
You are poisoned.
The killer bee poisons you! The killer bee misses you.
The killer bee stings you! The killer bee misses you. x2
You punch the killer bee!
You kill the killer bee!
You feel sick. The killer bee barely misses you. The killer bee stings you.
The killer bee misses you.
The killer bee stings you but does no damage.
The killer bee closely misses you.
Your Stealth skill increases to level 4!
You feel sick.
The killer bee attacks as it pursues you!
The killer bee closely misses you. The killer bee stings you!
You are more poisoned.
The killer bee poisons you! The killer bee barely misses you.
You miss the killer bee. You punch the killer bee!
The killer bee is severely wounded.
You feel sick. The killer bee stings you.
You are more poisoned.
The killer bee poisons you!
You hit the killer bee.
Your tail-slap misses the killer bee.
You punch the killer bee.
The killer bee is heavily wounded.
You feel very sick. The killer bee misses you. The killer bee stings you!
* * * LOW HITPOINT WARNING * * *
The killer bee closely misses you. The killer bee barely misses you.
The killer bee stings you!
* * * LOW HITPOINT WARNING * * *
The killer bee barely misses you.
You feel better. The killer bee stings you.
* * * LOW HITPOINT WARNING * * *
The killer bee stings you.
You die...

....#
##.........##.....#..# #
)...#
#.##..##.........#.####
....#
#.##..#...#......#)##..
....#
#.#...#............(..#
...##
###................>#####
...##
#..................##
....#
#......#..............
....#
#......#yy.............
....#
#......yh##.............
....#
#......#................
....#
#......#................
...## #..................
..## #.............#..
### ..................
.................
.................


You could see 3 killer bees.

Vanquished Creatures
  Menkaure (D:5)
  A water moccasin (D:6)
  2 ice beasts
  A sky beast (D:7)
  A black bear (D:6)
  An ogre (D:5)
  A kobold brigand (D:7)
  A bullfrog (D:7)
  2 scorpions
  3 killer bees (D:7)
  2 vampire bats (D:6)
  2 howler monkeys
  A hound (D:5)
  2 bombardier beetles
  3 jellies
  2 iguanas
  2 sleepcaps (D:4)
  Natasha (thrice) (D:2)
  An orc wizard (D:5)
  7 gnolls
  4 adders
  A shadow imp (D:6)
  4 dart slugs
  A ribbon worm (D:2)
  4 orcs
  7 ball pythons
  5 bat skeletons (D:6)
  A bat zombie (D:6)
  4 endoplasms
  7 giant cockroaches
  5 goblins
  6 hobgoblins
  9 kobolds
  2 quokkas
  6 bats
  2 frilled lizards (D:3)
  3 rats
110 creatures vanquished.

Notes
Turn   | Place    | Note
-------+----------+-------------------------------------------
     0 | D:1      | nshep25 the Demonspawn Shapeshifter began the quest for the
                  | Orb.
     0 | D:1      | Reached XP level 1. HP: 15/15 MP: 1/1
   202 | D:1      | Reached skill level 3 in Unarmed Combat
   205 | D:1      | Gained mutation: You are partially covered in razor-sharp
                  | scales. (AC +1, Slay +1) [demonic ancestry]
   205 | D:1      | Reached XP level 2. HP: 9/21 MP: 2/2
   623 | D:2      | Found a faded altar of an unknown god.
   748 | D:2      | Reached XP level 3. HP: 26/26 MP: 3/3
  1099 | D:2      | Noticed Natasha
  1121 | D:2      | Killed Natasha
  1418 | D:2      | Noticed Natasha
  1427 | D:2      | Killed Natasha
  1428 | D:2      | Reached skill level 4 in Unarmed Combat
  1428 | D:2      | Gained mutation: You are mostly covered in razor-sharp
                  | scales. (AC +2, Slay +2) [demonic ancestry]
  1428 | D:2      | Reached XP level 4. HP: 24/32 MP: 4/4
  1870 | D:2      | Noticed Natasha
  1884 | D:2      | Killed Natasha
  1929 | D:3      | Found a shimmering altar of Xom.
  2186 | D:3      | Gained mutation: You have a small tail. [demonic ancestry]
  2186 | D:3      | Reached XP level 5. HP: 21/37 MP: 5/5
  2351 | D:3      | Found a stormy altar of Qazlal.
  2533 | D:3      | Found Laeweij's Book Emporium.
  2839 | D:4      | Reached skill level 1 in Stealth
  2857 | D:4      | Found a staircase to the Ecumenical Temple.
  2866 | D:4      | Reached skill level 5 in Unarmed Combat
  2866 | D:4      | Found a hide-covered altar of Uskayaw.
  2869 | Temple   | Entered the Ecumenical Temple
  3097 | D:4      | Reached XP level 6. HP: 19/43 MP: 6/6
  3624 | D:4      | Found a sacrificial altar of Ru.
  3874 | D:5      | Entered Level 5 of the Dungeon
  3924 | D:5      | Noticed Menkaure
  3932 | D:5      | Killed Menkaure
  3940 | D:5      | Gained mutation: You may rarely emit foul miasma when
                  | damaged in melee. [demonic ancestry]
  3940 | D:5      | Reached XP level 7. HP: 45/48 MP: 7/7
  4070 | D:5      | Reached skill level 6 in Unarmed Combat
  4443 | D:6      | Found an ancient bone altar of Kikubaaqudgha.
  4723 | D:6      | Reached XP level 8. HP: 11/54 MP: 8/8
  5181 | D:7      | Reached skill level 7 in Unarmed Combat
  5243 | D:7      | Reached skill level 5 in Shapeshifting
  5519 | D:7      | HP: 2/56 [killer bee (8)]
  5520 | D:7      | Slain by a killer bee

Illustrated notes

Levels and vault maps discovered:
D:1:      dpeg_arrival_castle, layout_basic
D:2:      layout_loops_cross, shapermc_ecumenical_altar_starsandcircs,
          uniq_natasha
D:3:      layout_loops_ring, nicolae_overflow_crystal_walls, xom_teletrap_fun,
          serial_shops, nicolae_shop_just_a_little_nook
D:4:      layout_loops_ring, nicolae_ru_path_of_blood,
          mainiacjoe_overflow_alcove_1, temple_statues, minmay_misc_feat_tower,
          hellmonk_no_cap
D:5:      layout_loops_ring, uniq_menkaure
D:6:      layout_rooms, kennysheep_vampire_church,
          mainiacjoe_overflow_six_doors_small,
          nicolae_concentric_dashed_squares_mild
D:7:      layout_rooms, gammafunk_ghost_necromancy
Temple:   eino_temple_lava

Skill      XL: |  1  2  3  4  5  6  7  8 |
---------------+-------------------------+-----
Unarmed Combat | 3 4 5 6 7 |  7.8
Shapeshifting  | 3 4 5 |  5.3
Dodging        | 2 3 |  3.6
Stealth        | 1 2 3 4 |  4.0
Fighting       | 2 |  2.1

Action                     |  1- 3 |  4- 6 |  7- 9 || total
---------------------------+-------+-------+-------++-------
  Melee: Unarmed           |   107 |   119 |   113 ||   339
         Punch             |     1 |     4 |     7 ||    12
         Tailslap          |       |    16 |    19 ||    35
    Use: Scroll            |       |       |    17 ||    17
         Potion            |       |       |     1 ||     1
   Stab: Sleeping          |       |     4 |     6 ||    10
         Distracted        |       |       |     1 ||     1
 Armour: Animal skin       |    62 |    45 |    80 ||   187
  Dodge: Dodged            |    74 |    65 |    94 ||   233
   Form: Beast             |       |     2 |       ||     2
                           |       |     1 |       ||     1
